 Dungeon Crawl Stone Soup version 0.30-a0-760-g5a9884bb7c (webtiles) character file.

Game seed: 7287155863894550983

199 kae the Digger (level 5, -2/28 HPs)
             Began as a Gargoyle Earth Elementalist on Feb 10, 2023.
             Killed by nerve-wracking pain
             ... invoked by Grinder
              (4 damage)
             ... on level 4 of the Dungeon.
             The game lasted 00:02:45 (2716 turns).

kae the Digger (Gargoyle Earth Elementalist)        Turns: 2716, Time: 00:02:46

Health: -2/28      AC:  6    Str: 12    XL:     5   Next: 77%
Magic:  3/9        EV: 11    Int: 17    God:
Gold:   185        SH:  0    Dex: 10    Spells: 4/10 levels left

rFire   . . .      SeeInvis .    p - +2 dagger (drain)
rCold   . . .      Faith    .    (no shield)
rNeg    + . .      Spirit   .    a - +0 robe
rPois   ∞          Reflect  .    (no helmet)
rElec   +          Harm     .    (no cloak)
rCorr   .          Rampage  .    (no gloves)
Will    .....                    (no boots)
Stlth   ++                       (no amulet)
HPRegen 0.24/turn                (no ring)
MPRegen 0.11/turn                (no ring)

@: no status effects
A: sickness immunity, AC +4, negative energy resistance 1, electricity
resistance, torment resistance 1, petrification resistance
a: no special abilities


You were on level 4 of the Dungeon.
You visited 1 branch of the dungeon, and saw 4 of its levels.

You collected 185 gold pieces.


Innate Abilities, Weirdness & Mutations

You are immune to sickness and miasma.
Your stone body is resilient. (AC +4)
You are immune to poison.
You resist negative energy. (rN+)
You are resistant to electric shocks. (rElec)
You are resistant to unholy torment.
You are immune to petrification.


   Skills:
 - Level 1.5 Dodging
 - Level 2.1 Stealth
 + Level 3.2 Spellcasting
 * Level 2.2 Conjurations
 - Level 0.7 Transmutations
 * Level 6.1 Earth Magic


You had 4 spell levels left.
You knew the following spells:

 Your Spells              Type           Power      Damage    Failure   Level
a - Sandblast             Erth           46%        2d11      1%          1
b - Stone Arrow           Conj/Erth      32%        3d9       10%         3
c - Passwall              Tmut/Erth      11%        N/A       6%          2

Your spell library contained the following spells:

 Spells                   Type           Power      Damage    Failure   Level
 Magic Dart               Conj           40%        1d5       7%          1
 Call Imp                 Summ           2%         N/A       26%         2
 Mephitic Cloud           Conj/Pois/Air  5%         N/A       36%         3
 Petrify                  Tmut/Erth      14%        N/A       38%         4
 Ignite Poison            Fire/Tmut/Pois 3%         N/A       43%         3
 Sticky Flame             Conj/Fire      6%         2d3       73%         4
 Ignition                 Fire           1%         3d3       100%        8

Inventory:

Hand Weapons
 p - a +2 dagger of draining (weapon)
   (You took it off a goblin on level 2 of the Dungeon)
Missiles
 d - 26 stones
 f - 6 boomerangs
 s - 7 poisoned darts
Armour
 a - a +0 robe (worn)
Jewellery
 C - a ring of ice
   (You found it on level 3 of the Dungeon)
Scrolls
 o - 2 scrolls of magic mapping {!r}
 r - a scroll of poison
 t - a scroll of teleportation {@r4}
Potions
 b - a potion of magic
 c - 2 potions of mutation {unknown}
 e - 2 potions of heal wounds {unknown}
 g - a potion of invisibility {unknown}
 h - a potion of berserk rage {!q}
 i - a potion of flight {unknown}
 j - a potion of ambrosia {unknown}
 k - 2 potions of might {unknown}
 l - 2 potions of degeneration {unknown}
 m - a potion of haste {unknown}
 q - 2 potions of curing {unknown}
 v - a potion of cancellation {unknown}

Dungeon Overview and Level Annotations

Branches:
Dungeon (4/15) Zot: 21222
 Temple: D:4-7

Altars:
Elyvilon
Yredelemnul
The Shining One

Annotations:
D:2 Terence
D:4 Grinder

### #### #####.#
#.. ..####.....#
#.# #.#....#####
#.####.#.>.#######
#.#........###....
#.#.#..........###
#@#.#.............
##5............###.
#......##...##.# #.
#.##.#.##...##.###.
#. #.#.##...##.....
#. ..#.##..........
#.#.##.##..........
#... ..##.......##.
##. ####.>.....##.


You could see Grinder.


Message History

Casting: Sandblast (safe; 1% risk of failure)
Confirm with . or Enter, or press ? or * to list all spells.
Aiming: Sandblast (safe; 1% risk of failure)
Press: ? - help, Shift-Dir - straight line, f/p - ball python
Aim: a ball python (81% to hit)
The blast of sand hits the ball python!
You kill the ball python! 😎 MP[-1]
You lost 1 mp, and now have 7/9 mp.
You now have 185 gold pieces (gained 3).
Found a stone staircase leading down.
Casting: Sandblast (safe; 1% risk of failure)
Confirm with . or Enter, or press ? or * to list all spells.
You can't see any susceptible monsters within range! (Use Z to cast anyway.) 😎 MP[+1]
d - 26 stones (gained 1)
Found a stone staircase leading down. 😎 MP[+1]
Your mp is fully restored (9).
There is a stone staircase leading down here.
Grinder comes into view.
Grinder grins, showing sharp teeth.
Grinder gestures at you. Pain shoots through your body! 😕 HP[-3]
You take 3 damage, and now have 25/28 hp.
Casting: Sandblast (safe; 1% risk of failure)
Confirm with . or Enter, or press ? or * to list all spells.
You can't see any susceptible monsters within range! (Use Z to cast anyway.)
Casting: Sandblast (safe; 1% risk of failure)
Confirm with . or Enter, or press ? or * to list all spells.
Aiming: Sandblast (safe; 1% risk of failure)
Press: ? - help, Shift-Dir - straight line, f - Grinder
Aim: Grinder (81% to hit)
The blast of sand hits Grinder. 😕 MP[-1]
You lost 1 mp, and now have 8/9 mp.
Casting: Sandblast (safe; 1% risk of failure)
Confirm with . or Enter, or press ? or * to list all spells.
Aiming: Sandblast (safe; 1% risk of failure)
Press: ? - help, Shift-Dir - straight line, f/p - Grinder
Aim: Grinder (lightly wounded, 81% to hit)
The blast of sand hits Grinder. 😕 HP[+1] MP[-1]
You lost 1 mp, and now have 7/9 mp.
Casting: Sandblast (safe; 1% risk of failure)
Confirm with . or Enter, or press ? or * to list all spells.
Aiming: Sandblast (safe; 1% risk of failure)
Press: ? - help, Shift-Dir - straight line, f/p - Grinder
Aim: Grinder (lightly wounded, 81% to hit)
The blast of sand hits Grinder.
Grinder hits you! 😮 HP[-7] MP[-1]
You take 7 damage, and now have 19/28 hp.
MASSIVE DAMAGE!! (PAUSE)
You lost 1 mp, and now have 6/9 mp.
Casting: Sandblast (safe; 1% risk of failure)
Confirm with . or Enter, or press ? or * to list all spells.
Aiming: Sandblast (safe; 1% risk of failure)
Press: ? - help, Shift-Dir - straight line, f/p - Grinder
Aim: Grinder (moderately wounded, 81% to hit)
The blast of sand hits Grinder.
Grinder closely misses you. Grinder hits you.
* * * LOW HITPOINT WARNING * * *
😨 HP[-5] MP[-1]
You take 5 damage, and now have 14/28 hp.
You lost 1 mp, and now have 5/9 mp.
Casting: Sandblast (safe; 1% risk of failure)
Confirm with . or Enter, or press ? or * to list all spells.
Aiming: Sandblast (safe; 1% risk of failure)
Press: ? - help, Shift-Dir - straight line, f/p - Grinder
Aim: Grinder (moderately wounded, 81% to hit)
The blast of sand hits Grinder!
Grinder completely misses you. 😮 HP[+1] MP[-1]
You lost 1 mp, and now have 4/9 mp.
Casting: Sandblast (safe; 1% risk of failure)
Confirm with . or Enter, or press ? or * to list all spells.
Aiming: Sandblast (safe; 1% risk of failure)
Press: ? - help, Shift-Dir - straight line, f/p - Grinder
Aim: Grinder (heavily wounded, 81% to hit)
The blast of sand hits Grinder!
Grinder gestures at you. Pain shoots through your body!
* * * LOW HITPOINT WARNING * * *
Grinder hits you!
* * * LOW HITPOINT WARNING * * *
You writhe in agony.
* * * LOW HITPOINT WARNING * * *
Unknown command. 😱 HP[-14] MP[-1]
You take 14 damage, and now have 1/28 hp.
MASSIVE DAMAGE!! (PAUSE)
You lost 1 mp, and now have 3/9 mp.
Casting: Sandblast (safe; 1% risk of failure)
Confirm with . or Enter, or press ? or * to list all spells.
Aiming: Sandblast (safe; 1% risk of failure)
Press: ? - help, Shift-Dir - straight line, f/p - Grinder
Aim: Grinder (almost dead, 81% to hit)
The blast of sand hits Grinder but does no damage.
Grinder gestures at you. Pain shoots through your body!
You die...

Skill      XL: |  1  2  3  4  5 |
---------------+----------------+-----
Earth Magic    | 4 5 6 |  6.1
Conjurations   | 1 2 |  2.2
Spellcasting   | 3 |  3.2
Dodging        | |  1.5
Stealth        | |  2.1
Transmutations | |  0.7

Action                     |  1- 3 |  4- 6 || total
---------------------------+-------+-------++-------
  Melee: Unarmed           |    33 |       ||    33
         Punch             |     1 |       ||     1
         Dagger            |       |     3 ||     3
   Cast: Sandblast         |    57 |    62 ||   119
    Use: Scroll            |     1 |     7 ||     8
 Armour: Robe              |    35 |     6 ||    41
  Dodge: Dodged            |    48 |    14 ||    62

Levels and vault maps discovered:
D:1:      dpeg_arrival_round_b, layout_basic
D:2:      kennysheep_the_goblin_king, layout_basic, basic_altar, uniq_terence,
          uniq_robin
D:3:      layout_basic, mainiacjoe_overflow_boulevard, lemuel_crystal_altar,
          hellmonk_ecumenical_altar_leap_of_faith, dk_vineyard_2, st_stairs_8
D:4:      layout_loops_cross, gammafunk_ghost_nasty_kobolds,
          kennysheep_generic_room_16, uniq_grinder

Notes
Turn   | Place    | Note
-------+----------+-------------------------------------------
     0 | D:1      | kae the Gargoyle Earth Elementalist began the quest for the
                  | Orb.
     0 | D:1      | Reached XP level 1. HP: 10/10 MP: 3/3
     0 | D:1      | magus.rc [v1.11.3]
    62 | D:1      | You pick up a book of Minor Magic and begin reading...
    62 | D:1      | You add the spells Magic Dart, Call Imp and Mephitic Cloud
                  | to your library.
   126 | D:1      | Reached skill level 4 in Earth Magic
   143 | D:1      | Reached XP level 2. HP: 15/15 MP: 1/5
   508 | D:1      | Reached XP level 3. HP: 12/19 MP: 1/6
   512 | D:1      | Learned a level 3 spell: Stone Arrow
   515 | D:1      | Learned a level 2 spell: Passwall
   794 | D:2      | Noticed Robin
   978 | D:2      | Killed Robin
   979 | D:2      | Reached skill level 5 in Earth Magic
  1167 | D:2      | Reached XP level 4. HP: 24/24 MP: 4/8
  1305 | D:2      | Found a basalt altar of Yredelemnul.
  1316 | D:2      | Noticed Terence
  1841 | D:3      | Reached skill level 1 in Conjurations
  1841 | D:3      | Reached XP level 5. HP: 24/28 MP: 3/9
  1867 | D:3      | Reached skill level 3 in Spellcasting
  1964 | D:3      | Reached skill level 6 in Earth Magic
  2025 | D:3      | Found a white marble altar of Elyvilon.
  2044 | D:3      | Reached skill level 2 in Conjurations
  2121 | D:3      | You add the spells Ignite Poison, Sticky Flame and Ignition
                  | to your library.
  2256 | D:3      | Found a glowing golden altar of the Shining One.
  2390 | D:3      | Found a faded altar of an unknown god.
  2708 | D:4      | Noticed Grinder
  2715 | D:4      | HP: 2/28 [Grinder (9)]
  2716 | D:4      | Killed from afar by Grinder

Vanquished Creatures
  An iguana (D:3)
  Robin (D:2)
  8 gnolls (D:3)
  2 worms
  A dart slug (D:1)
  3 endoplasms (D:1)
  2 giant cockroaches (D:1)
  20 goblins
  12 hobgoblins
  4 kobolds
  3 quokkas
  8 ball pythons
  10 bats
  A rat (D:3)
76 creatures vanquished.

Table legend:
 A = Non-vault XP
 B = Vault XP
 C = Vault XP percentage of total XP
 D = Non-vault monster count
 E = Vault monster count
 F = Vault count percentage of total count
                 A         B        C        D         E       F
            +---------+---------+-------+---------+---------+-------
      Total |     235 |      50 |  17.5 |      55 |      21 |  27.6
            +---------+---------+-------+---------+---------+-------
        D:1 |      37 |       0 |   0.0 |      21 |       0 |   0.0
        D:2 |      23 |      37 |  61.7 |      12 |      13 |  52.0
        D:3 |     173 |      13 |   7.0 |      21 |       8 |  27.6
        D:4 |       2 |       0 |   0.0 |       1 |       0 |   0.0
            +---------+---------+-------+---------+---------+-------

Illustrated notes

Table legend:
 A = Kills in this place as a percentage of kills in entire the game.
 B = Kills by you in this place as a percentage of kills by you in the entire game.
 C = Kills by friends in this place as a percentage of kills by friends in the entire game.
 D = Other kills in this place as a percentage of other kills in the entire game.
 E = Experience gained in this place as a percentage of experience gained in the entire game.
 F = Experience gained in this place divided by the number of levels of this place that you have seen.
                   A       B       C       D       E      F
               +-------+-------+-------+-------+-------+----------------------
         Total | 100.0 | 100.0 |   N/A |   N/A | 100.0 |  71.2
       Dungeon | 100.0 | 100.0 |   N/A |   N/A | 100.0 |  71.2
               +-------+-------+-------+-------+-------+----------------------

Table legend: (Time is in decaauts)
 A = Elapsed time spent in this place.
 B = Non-inter-level travel time spent in this place.
 C = Inter-level travel time spent in this place.
 D = Time resting spent in this place.
 E = Time spent auto-exploring this place.
 F = Levels seen in this place.
 G = Mean time per level.
                   A        B        C        D        E       F      G
               +--------+--------+--------+--------+--------+-----+--------+
         Total |   2775 |   2711 |     64 |    222 |   2013 |   4 |  693.8 |
       Dungeon |   2775 |   2711 |     64 |    222 |   2013 |   4 |  693.8 |
               +--------+--------+--------+--------+--------+-----+--------+

Top non-repeatable levels by time:
     D:3: 1051 daAuts
     D:2: 892 daAuts
     D:1: 769 daAuts
     D:4: 61 daAuts
